Map: Shrines of Lizul

Players

GandalfdaWiz

  • Race: Protoss Protoss
  • League: Gold
  • Spawn Location: 12:00

Scottaaron

  • Race: Protoss Protoss
  • League: Diamond
  • Spawn Location: 3:00

MonstroTown - Winner!

  • Race: Terran Terran
  • Spawn Location: 9:00

Michael - Winner!

  • Race: Zerg Zerg
  • League: Gold
  • Spawn Location: 6:00

VOD

Have the link to the VOD?

Description

Time

  • Played on: Sept. 9, 2018, 6:02 p.m.
  • Length: 11:28
Show
View Real Time Build Order
Export as new Build Order

GandalfdaWiz Protoss 

Build Orders: 1 Gate Expand, Dark Templar Rush 

Get SALT Encoding   

  12  0:02  Probe  
  14  0:14  Probe  
  14  0:18  Pylon  
  14  0:23  Probe  
  15  0:32  Probe  
  15  0:38  Gateway  
  15  0:42  Probe  
  16  0:48  Assimilator  
  17  0:53  Probe  
  18  1:01  Probe  
  18  1:09  Probe  
  20  1:36  Nexus  
  20  1:40  Cybernetics Core  
  20  1:49  Assimilator  
  20  1:51  Probe  
  21  2:03  Probe  
  21  2:08  Pylon  
  22  2:15  Stalker  
  22  2:27  Probe  
  24  2:39  Probe  
  24  2:41  Twilight Council  
  25  2:45  Pylon  
  25  2:50  Stalker  
  27  3:05  Probe x2  
  29  3:17  Probe x2  
  31  3:21  Dark Shrine  
  26  3:35  Probe  
  26  3:37  Warp Gate  
  27  3:47  Probe  
  27  3:52  Gateway  
  27  3:53  Gateway  
  27  4:23  Dark Templar  
  29  4:43  Dark Templar  
  29  4:44  Dark Templar  
  33  4:48  Nexus  
  29  6:04  Probe  
  29  6:08  Probe  
  31  6:12  Probe  
  31  6:16  Probe  
  32  6:20  Probe, Stalker x3  
  40  6:28  Probe  
  40  6:30  Robotics Facility  
  40  6:32  Probe  
  42  6:41  Probe  
  42  6:44  Probe  
  44  6:51  Gateway, Pylon  
  44  6:52  Gateway  
  42  6:55  Probe  
  42  6:56  Probe  
  44  7:05  Stalker x2  
  44  7:06  Charge  
  44  7:07  Probe  
  44  7:08  Probe  
  50  7:09  Immortal  
  54  7:24  Robotics Bay  
  54  7:26  Pylon  
  54  7:28  Pylon  
  54  7:31  Pylon  
  54  7:35  Stalker x3  
  60  7:43  Assimilator  
  60  7:44  Probe x2  
  60  7:45  Assimilator  
  62  7:56  Probe x2  
  64  8:06  Zealot x2  
  64  8:10  Zealot  
  70  8:13  Forge  
  70  8:14  Zealot  
  70  8:15  Zealot, Forge  
  40  8:45  Stalker x5  
  48  8:50  Probe x2  
  50  9:00  Protoss Ground Weapons Level 1, Extended Thermal Lance  
  50  9:02  Probe x2  
  48  9:35  Zealot x3  
  48  9:36  Zealot x2  
  56  10:03  Zealot x2  
  56  10:04  Zealot x3  
  56  10:36  Zealot x4  
  60  10:50  Pylon  
  42  11:02  Zealot x5  
Show
View Real Time Build Order
Export as new Build Order

Scottaaron Protoss 

Build Orders: 1 Gate Expand 

Get SALT Encoding   

  12  0:07  Probe  
  13  0:19  Probe  
  13  0:20  Pylon  
  14  0:31  Probe  
  15  0:42  Probe, Gateway  
  16  0:50  Probe  
  16  0:55  Assimilator  
  17  0:58  Probe  
  18  1:10  Probe  
  18  1:30  Nexus  
  18  1:40  Probe  
  18  1:41  Cybernetics Core  
  19  1:48  Probe  
  20  1:55  Assimilator  
  20  2:00  Probe  
  20  2:01  Pylon  
  21  2:10  Adept  
  21  2:12  Probe  
  22  2:20  Warp Gate  
  24  2:24  Probe  
  25  2:36  Pylon  
  25  2:45  Probe  
  25  2:46  Robotics Facility  
  26  2:55  Adept  
  28  3:13  Adept, Probe  
  28  3:15  Probe, Gateway  
  28  3:16  Shield Battery  
  32  3:27  Warp Prism  
  32  3:40  Probe x2  
  36  3:51  Adept  
  33  4:00  Shield Battery  
  29  4:03  Adept  
  25  4:20  Probe  
  25  4:24  Probe  
  27  4:28  Probe  
  27  4:32  Sentry  
  27  4:36  Probe  
  27  4:38  Probe  
  32  4:46  Observer, Pylon  
  32  4:48  Sentry  
  32  4:50  Probe  
  33  4:56  Adept  
  33  5:14  Sentry  
  33  5:18  Immortal  
  33  5:23  Adept  
  37  5:39  Adept  
  39  5:47  Probe  
  38  5:59  Probe  
  39  6:10  Shield Battery  
  39  6:11  Probe, Sentry  
  39  6:13  Stalker  
  44  6:19  Gateway  
  44  6:23  Probe  
  45  6:30  Observer  
  45  6:36  Probe  
  45  6:38  Pylon  
  46  6:48  Probe  
  47  7:11  Immortal  
  47  7:12  Probe  
  47  7:14  Nexus  
  51  7:24  Probe  
  48  7:39  Probe  
  48  7:43  Observer  
  49  7:44  Gateway  
  49  7:47  Robotics Bay  
  51  7:51  Probe  
  51  7:53  Sentry x2  
  55  8:03  Pylon  
  55  8:19  Pylon  
  55  8:21  Probe  
  55  8:22  Observer, Stalker, Pylon  
  59  8:53  Probe x2  
  61  9:02  Disruptor  
  61  9:12  Gateway  
  64  9:32  Stalker x4  
  68  9:45  Disruptor  
  68  9:47  Probe  
  68  9:48  Probe  
  68  9:52  Assimilator  
  73  9:54  Assimilator  
  73  9:57  Pylon  
  73  9:59  Probe  
  60  10:29  Adept  
  60  10:30  Adept x3  
  60  10:31  Probe x2  
  70  10:47  Twilight Council, Nexus  
  70  10:52  Forge  
  57  11:07  Stalker x2  
  57  11:08  Stalker  
  57  11:09  Sentry x2  
Show
View Real Time Build Order
Export as new Build Order

MonstroTown Terran - Winner!

Build Orders: Reaper Expand, MMM Bio 

Get SALT Encoding   

  12  0:01  SCV  
  13  0:13  SCV  
  14  0:19  Supply Depot  
  14  0:25  SCV  
  15  0:40  SCV  
  15  0:41  Barracks  
  16  0:48  Refinery  
  16  0:52  SCV  
  17  1:04  SCV  
  18  1:16  SCV  
  19  1:29  Orbital Command  
  19  1:33  Reaper  
  20  1:48  Command Center  
  20  1:56  SCV  
  20  2:05  Barracks Reactor  
  20  2:08  SCV  
  21  2:11  Refinery  
  21  2:20  Supply Depot  
  21  2:24  Barracks  
  22  2:30  SCV  
  22  2:42  Factory, Marine x2  
  23  2:53  Supply Depot  
  23  2:54  SCV  
  24  2:59  Supply Depot  
  24  3:04  Marine x2  
  26  3:12  Barracks Tech Lab  
  26  3:23  SCV  
  26  3:43  Marine x2  
  26  3:44  Marauder  
  26  3:45  Factory Reactor  
  30  4:01  Marine x2  
  32  4:03  Orbital Command  
  32  4:04  SCV  
  33  4:14  Engineering Bay  
  33  4:16  SCV  
  33  4:29  Stimpack  
  33  4:31  Supply Depot  
  33  4:35  SCV  
  34  4:40  Widow Mine x2  
  38  4:45  Missile Turret  
  38  4:52  Marine  
  38  4:53  Marauder, Marine  
  42  5:14  SCV x2  
  42  5:15  Barracks  
  42  5:16  Starport  
  42  5:17  Marine  
  42  5:20  Widow Mine  
  47  5:26  SCV  
  38  5:47  Missile Turret  
  38  5:48  SCV x2  
  35  5:51  Terran Infantry Weapons Level 1  
  35  5:56  Starport Tech Lab  
  35  5:58  Marine x2  
  35  6:00  SCV  
  37  6:10  Bunker  
  35  6:12  Marine  
  35  6:13  Missile Turret  
  35  6:17  Raven, Reaper  
  40  6:19  Marine  
  40  6:21  Barracks Reactor  
  40  6:32  Barracks, Factory Tech Lab  
  41  6:34  Engineering Bay, Marauder  
  41  6:35  Combat Shields  
  41  6:38  SCV  
  43  6:40  Bunker  
  42  6:54  Marine x2  
  42  6:57  Siege Tank  
  47  7:01  Terran Infantry Armor Level 1  
  47  7:25  Viking  
  47  7:26  Marine x3  
  51  7:41  Marine x4  
  55  7:47  Supply Depot  
  55  7:49  SCV x2  
  57  7:52  Armory  
  57  7:55  Marine x3  
  57  7:57  Medivac  
  62  8:02  Marine x3  
  62  8:03  Siege Tank, SCV x2  
  70  8:08  Marine  
  70  8:12  Supply Depot  
  71  8:15  SCV x2  
  73  8:29  Command Center  
  67  8:41  Raven  
  45  8:53  Marine x4  
  49  8:58  Terran Infantry Weapons Level 2  
  49  8:59  Supply Depot  
  49  9:04  SCV x2  
  49  9:06  Refinery  
  49  9:07  Refinery  
  51  9:15  Marine x3  
  51  9:16  SCV, Marine x2  
  56  9:34  Marine x2  
  56  9:35  Marine x4  
  56  9:36  Siege Tank  
  65  9:43  Missile Turret  
  65  9:45  Marine  
  66  9:52  Marine x2  
  66  9:55  Marine x3  
  66  9:56  Marine  
  71  10:03  Marine  
  72  10:10  Marine x2  
  72  10:13  Marine  
  62  10:25  Marine x4  
  62  10:28  Marine x2  
  64  10:31  Marine  
  65  10:38  Siege Tank  
  68  10:42  Marine  
  68  10:43  Marine x3  
  68  10:45  Starport Tech Lab  
  68  10:46  Command Center  
  68  10:48  Marine  
  73  11:07  Supply Depot x2  
  73  11:08  Supply Depot  
Show
View Real Time Build Order
Export as new Build Order

Michael Zerg - Winner!

Build Orders: Hatch First 

Get SALT Encoding   

  12  0:01  Drone  
  13  0:13  Overlord  
  13  0:18  Drone  
  14  0:31  Drone x2  
  14  0:35  Drone  
  17  0:46  Drone  
  18  1:00  Drone  
  18  1:01  Hatchery  
  18  1:05  Extractor  
  17  1:16  Spawning Pool  
  16  1:19  Drone  
  17  1:31  Drone x2  
  19  1:39  Drone  
  20  1:49  Overlord  
  20  2:04  Queen  
  20  2:07  Metabolic Boost  
  22  2:10  Zergling x2  
  22  2:12  Zergling x2  
  22  2:14  Zergling x2  
  25  2:21  Queen  
  25  2:22  Zergling x2  
  28  2:26  Zergling x2  
  29  2:33  Zergling x2  
  29  2:35  Zergling x2  
  31  2:46  Zergling x4  
  32  3:10  Zergling x8  
  36  3:25  Overlord x2, Roach Warren  
  35  3:32  Roach Warren  
  32  3:34  Extractor, Drone x2  
  32  3:36  Drone  
  28  4:11  Zergling x4  
  28  4:12  Zergling x14  
  33  4:37  Drone  
  34  4:41  Hatchery, Drone  
  34  4:44  Drone  
  32  5:09  Drone x4  
  32  5:10  Drone x2  
  32  5:11  Drone  
  33  5:34  Drone  
  33  5:35  Drone x4  
  38  5:49  Spore Crawler  
  37  5:52  Lair  
  37  5:53  Spore Crawler  
  36  5:57  Drone  
  36  5:58  Drone x5  
  36  5:59  Drone  
  36  6:02  Extractor  
  42  6:06  Extractor  
  42  6:08  Spore Crawler  
  40  6:12  Spine Crawler  
  40  6:17  Spine Crawler  
  38  6:27  Queen, Evolution Chamber  
  38  6:31  Queen  
  41  6:35  Drone  
  41  6:37  Drone  
  41  6:38  Drone  
  44  6:40  Drone  
  44  6:42  Drone  
  44  6:44  Drone  
  44  6:46  Drone  
  48  6:48  Drone  
  48  6:51  Drone  
  48  6:53  Drone  
  51  6:55  Drone  
  52  7:03  Glial Reconstitution  
  52  7:08  Hydralisk Den  
  51  7:15  Zergling x2  
  51  7:16  Zergling x12  
  55  7:42  Drone x3  
  58  7:52  Muscular Augments  
  58  7:55  Zerg Ground Armor Level 1  
  58  8:02  Overlord x5, Spire  
  57  8:12  Extractor, Drone x2  
  58  8:13  Extractor  
  58  8:16  Drone  
  58  8:20  Drone  
  58  8:21  Drone x2  
  60  8:50  Hydralisk  
  60  8:51  Hydralisk x11  
  78  9:14  Grooved Spines  
  78  9:15  Infestation Pit  
  77  9:19  Zerg Flyer Armor Level 1  
  77  9:21  Roach x6  
  89  9:29  Roach  
  89  9:30  Roach x3  
  97  9:32  Overlord x4  
  97  9:33  Overlord x3  
  87  9:47  Drone  
  87  9:50  Drone x2  
  87  9:52  Drone x2  
  92  9:59  Hive  
  92  10:07  Roach x3  
  92  10:08  Roach x10  
  112  10:34  Hydralisk x2  
  112  10:35  Hydralisk x4  
  120  10:41  Hatchery  
  123  10:43  Hydralisk x5  
Tags
 
Add a new tag
Caveats
  • Supply blocks, unpowered buildings, or Contaminate may cause inaccurate times.
  • Supply counts are checked every 10 seconds.